 Dungeon Crawl Stone Soup version 0.18-a0-551-gf8f965f (console) character file.

1933609 elliptic the Reactionary (level 25, 208/246 HPs)
             Began as a Deep Dwarf Gladiator on Nov 28, 2015.
             Was an Elder of Pakellas (penitent).
             Escaped with the Orb
             ... and 3 runes on Dec 2, 2015!
             The game lasted 03:56:50 (50458 turns).

elliptic the Reactionary (Deep Dwarf Gladiator)    Turns: 50458, Time: 03:56:50

Health: 208/246    AC: 43    Str: 31      XL:     25   Next: 28%
Magic:  19/39      EV: 33    Int: 16      God:    Pakellas [*]
Gold:   1486       SH:  0    Dex: 23 (24) Spells: 5 memorised, 13 levels left

rFire  + + +     SeeInvis .     a - +9 battleaxe {pain, rF+ rN+}
rCold  + . .     Clarity  .     O - +2 crystal plate armour of an ossuary {rF++ rC+ Int+4}
rNeg   + + +     SustAt   .     (shield currently unavailable)
rPois  .         Gourm    .     X - +2 hat
rElec  +         Spirit   .     Z - +0 cloak of Sajofubb {rF- rN++ Str+6}
rCorr  .         Dismiss  .     u - +2 pair of gloves {Str+3}
rMut   .         Stasis   .     c - +2 pair of boots
MR     ++++.                    t - amulet of faith {!P}
Stlth  ..........               N - ring "Leogil" {rElec rF+ MR+ MP+9}
                                q - +4 ring of evasion

@: agile, contaminated, non-regenerating, glowing, studying Spellcasting,
incredibly resistant to hostile enchantments, extremely unstealthy
A: damage resistance, recharge devices, beak, talons 1, negative energy
resistance 1, sense surroundings 3, slow regeneration 3
a: Device Recharging, Renounce Religion
0: Orb of Zot
}: 3/15 runes: decaying, silver, gossamer


You escaped.
You worshipped Pakellas.
Pakellas was demanding penance.
You were full.

You visited 10 branches of the dungeon, and saw 54 of its levels.
You also visited: Trove and Volcano.

You collected 8888 gold pieces.
You spent 7402 gold pieces at shops.


Innate Abilities, Weirdness & Mutations

You are resistant to damage.
You can recharge devices by infusing magical energy.
You resist negative energy.
You passively map a large area around you.
You do not regenerate naturally.
You have a beak for a mouth.
You have sharp toenails.


   Skills:
 + Level 18.5 Fighting
 - Level 20.0 Axes
 - Level 1.7 Throwing
 + Level 23.5 Armour
 + Level 20.6 Dodging
 - Level 10.0 Necromancy
 O Level 27 Evocations


You had 13 spell levels left.
You knew the following spells:

 Your Spells              Type           Power        Failure   Level  Hunger
i - Control Undead        Necr           ####......   28%         4    #####..
r - Repel Missiles        Chrm/Air       #.....       99%         2    ###....
v - Blink                 Tloc           N/A          99%         2    ###....
z - Sublimation of Blood  Necr           ####......   4%          2    ###....
A - Apportation           Tloc           #.........   98%         1    ##.....

Inventory:

Hand Weapons
 a - the +9 battleaxe of Eternal Vigilance (weapon) {pain, rF+ rN+}
   (You took it off Urug on level 11 of the Dungeon)

   In the hands of one skilled in necromantic magic, it inflicts extra damage on
   living creatures.
   It protects you from fire.
   It protects you from negative energy.
Armour
 c - a +2 pair of boots (worn)
 u - a +2 pair of gloves of strength (worn)
 O - the +2 crystal plate armour of an ossuary (worn) {rF++ rC+ Int+4}
   (You acquired it on level 1 of the Depths)

   It affects your intelligence (+4).
   It greatly protects you from fire.
   It protects you from cold.
 X - a +2 hat (worn)
 Z - the +0 cloak of Sajofubb (worn) {rF- rN++ Str+6}
   (You bought it in a shop on level 1 of the Orcish Mines)

   It affects your strength (+6).
   It makes you vulnerable to fire.
   It greatly protects you from negative energy.
Magical Staves
 w - an uncursed staff of wizardry {!a}
Jewellery
 o - the ring "Jevie" {MP+9 Str+6}
   (You found it in a treasure trove)

   [ring of magical power]

   It affects your strength (+6).
   It affects your magic capacity (+9).
 q - a +4 ring of evasion (left hand)
 t - an amulet of faith (around neck) {!P}
 E - a +4 ring of protection
 N - the ring "Leogil" (right hand) {rElec rF+ MR+ MP+9}
   (You found it on level 13 of the Dungeon)

   [ring of magical power]

   It protects you from fire.
   It insulates you from electricity.
   It affects your resistance to hostile enchantments.
   It affects your magic capacity (+9).
 R - the ring "Macvif Uchu" {rF+ rC+ Stlth+}
   (You found it on level 8 of the Lair of Beasts)

   [ring of protection from fire]

   It protects you from fire.
   It protects you from cold.
   It makes you more stealthy.
 T - an uncursed ring of teleportation
Wands
 d - a wand of hasting (5)
 e - a wand of heal wounds (2)
 v - a wand of digging (10)
 F - a wand of fire (6)
 M - a wand of teleportation (3)
 S - a wand of teleportation (3)
 Y - a wand of draining (8)
Scrolls
 b - 8 scrolls of identify
 g - 2 scrolls of teleportation
 j - 34 scrolls of remove curse
 m - 3 scrolls of recharging
 p - 2 scrolls of enchant armour
 D - 5 scrolls of holy word
 K - 5 scrolls of silence {!r}
 P - 3 scrolls of blinking
 Q - 2 scrolls of magic mapping
Potions
 h - 19 potions of curing
 i - 4 potions of magic
 l - 7 potions of haste
 n - 11 potions of heal wounds
 r - 2 potions of resistance
 s - 6 potions of brilliance
 x - a potion of might
 z - 3 potions of agility
 B - 5 potions of flight
 I - 7 potions of cancellation
 J - 2 potions of cure mutation {!q}
 U - 5 potions of berserk rage {!q}
Books
 y - the Reference Book on Darkness
   (You found it on level 3 of the Crypt)

   Spells                             Type                      Level
   a - Pain                           Necromancy                   1
   b - Sublimation of Blood           Necromancy                   2
   c - Control Undead                 Necromancy                   4
   d - Agony                          Necromancy                   5
   e - Dispel Undead                  Necromancy                   5
   f - Death's Door                   Charms/Necromancy            8
 G - a manual of Spellcasting
Comestibles
 f - 18 bread rations
 k - 10 meat rations


Message History

Memorise Sublimation of Blood, consuming 2 spell levels and leaving 13?
You start memorising the spell.
You continue memorising.
You continue memorising.
You finish memorising.
Spell assigned to 'z'.
Cast which spell? (? or * to list)
Your magic capacity is already full.
Enter note: uh Charge which item? (? for menu, Esc to quit)
Your wand of hasting (0) glows for a moment and now has 5 charges.
You feel somewhat less full.
Casting: Sublimation of Blood
Confirm with . or Enter, or press ? or * to list all spells.
Okay, then.
Casting: Sublimation of Blood
Confirm with . or Enter, or press ? or * to list all spells.
You draw magical energy from your own body!
You feel extremely guilty. "You will pay for your transgression, mortal!"
Enter note: good You have escaped!

#....(.# #.####.# #.# #.######
#####################.# #.......
......................###########
................................>
#...######...######.####.########
#...#....#...#....#.#............
#...#....#...#..@.#.#.##.###.....
##'##....##'##....#.#.#....#.####
#...###'##...###'##.#.##.#.#.# #
'...'....'...'...#..#....#...# #
##.##.#####..#####..####.########
.#..###.###....##..##...........#
......##..##..###.###.##........#
...#....##%....#..###.##........#
##..###.....####................#


There were no monsters in sight!

Vanquished Creatures
  5 ancient liches
  3 orbs of fire (Zot:5)
  Mara (Depths:1)
  Mennas (Vaults:5)
  Sojobo (Crypt:1)
  Saint Roka (Vaults:4)
  A Killer Klown (Zot:5)
  2 pandemonium lords
  Geryon (Hell)
  2 golden dragons
  Nikola (Spider:1)
  Xtahua (Vaults:5)
  A bone dragon (Depths:5)
  2 electric golems (Zot:5)
  Jorgrun (Vaults:3)
  A Brimstone Fiend (Crypt:3)
  6 liches
  4 tentacled monstrosities
  24 Orb Guardians
  A titan (Vaults:5)
  A deep elf blademaster (Depths:3)
  6 sphinxes
  Murray (Depths:5)
  A quicksilver dragon (Vaults:5)
  3 death cobs
  An Executioner (D:14)
  Gastronok (D:8)
  Agnes (Spider:2)
  4 ancient champions
  7 revenants
  7 storm dragons
  A shadow dragon (Vaults:5)
  10 tengu reavers
  A draconian monk (Depths:5)
  Wiglaf (Crypt:1)
  An azure jelly (Swamp:4)
  Donald (Vaults:4)
  Maud (Orc:2)
  2 deep elf sorcerers
  A draconian scorcher (Depths:5)
  4 frost giants
  8 fire giants
  12 emperor scorpions
  A ghost moth (shapeshifter) (Depths:5)
  2 ghost moths (Spider:4)
  2 orc warlords (Depths:3)
  A draconian knight (Zot:1)
  A juggernaut zombie (Depths:3)
  14 vault wardens
  3 curse skulls
  5 ghouls
  23 ironheart preservers
  7 very ugly things
  A spriggan defender (Depths:3)
  4 green draconians
  11 stone giants
  3 vampire knights
  A black draconian (Zot:3)
  4 salamander stormcallers
  2 white draconians
  A reaper (Crypt:3)
  2 red draconians (Depths:5)
  3 deep elf demonologists
  2 mottled draconians
  A spectral titan (Crypt:3)
  2 small abominations
  2 yellow draconians
  3 deep elf annihilators
  A purple draconian (Depths:5)
  8 spark wasps
  7 eidola
  4 deep elf death magi
  10 fire dragons
  11 ettins
  18 vault guards
  11 jiangshi
  22 yaktaur captains
  A hell beast (Depths:4)
  A deep elf high priest (Vaults:5)
  13 ice dragons
  3 rakshasas
  8 hydras
  5 great orbs of eyes
  4 entropy weavers
  A ghost crab (shapeshifter) (Depths:5)
  Erolcha (Orc:4)
  2 spriggan air magi
  Erica (D:8)
  A spectral stone giant (Crypt:3)
  16 centaur warriors
  A death knight (Crypt:2)
  15 ogre magi
  A satyr (shapeshifter) (Vaults:5)
  A spectral frost giant (Crypt:3)
  A ghost crab (Swamp:4)
  9 death yaks
  2 dancing weapons (D:14)
  A spectral fire giant (Crypt:3)
  The ghost of WingedEspeon the Cleaver, a novice DDGl of Jiyva (D:10)
  9 vampire magi
  An alligator (Swamp:3)
  7 deep troll shamans
  2 tengu warriors (Depths:1)
  7 sun demons
  4 hell hogs
  5 spriggan berserkers
  4 deep troll earth magi
  8 soul eaters
  Urug (D:11)
  4 deep elf knights
  Nergalle (Lair:3)
  A fire crab (Vaults:4)
  18 shadow wraiths
  A titan skeleton (Crypt:2)
  An iron troll (Depths:4)
  7 hell knights
  37 deep trolls
  12 skeletal warriors
  2 spriggan druids
  2 unseen horrors
  A golden dragon zombie (Depths:3)
  2 salamander mystics
  A giant orange brain (shapeshifter) (Vaults:3)
  A swamp dragon (Swamp:3)
  7 flayed ghosts
  19 ironbrand convokers
  5 hill giants
  A ghost moth zombie (Crypt:3)
  An orange crystal statue (Vaults:4)
  A golden dragon skeleton (Depths:1)
  3 wizards
  A gelid demonspawn (Depths:5)
  18 orc knights
  5 deep elf conjurers
  7 harpies
  25 phantasmal warriors
  A wolf spider zombie (D:15)
  30 ugly things
  6 griffons
  30 wolf spiders
  A frost giant zombie (Depths:1)
  13 orb spiders
  A spectral ettin (Crypt:3)
  14 orc sorcerers
  8 moths of wrath
  3 cyclopes
  7 necromancers
  5 salamanders
  A hornet (shapeshifter) (Vaults:3)
  A salamander (shapeshifter) (Vaults:2)
  A stone giant zombie (Depths:3)
  8 hornets
  A sixfirhy (Depths:5)
  A sphinx skeleton (Crypt:1)
  2 spriggan zombies (Hell)
  5 elephants (Lair:8)
  13 vault sentinels
  2 fire giant skeletons (Crypt:1)
  A toenail golem (Volcano)
  3 rust devils
  5 black mambas
  2 gargoyles
  A smoke demon (Crypt:3)
  2 human skeletons
  3 guardian serpents (shapeshifter)
  5 molten gargoyles
  4 torpor snails
  A hellion (Depths:5)
  An orange demon (D:14)
  A naga mage (D:15)
  A merfolk (Lair:7)
  34 spiny frogs
  2 efreet
  A spectral harpy (Crypt:3)
  A yellow draconian zombie (Crypt:3)
  62 yaktaurs
  3 ice devils
  8 demonic crawlers
  A kobold demonologist (Vaults:2)
  A jumping spider (shapeshifter) (Vaults:4)
  A guardian mummy (Crypt:3)
  A tengu conjurer (Depths:3)
  6 komodo dragons
  A fire drake (Lair:6)
  A hellwing (Depths:5)
  7 giant leeches
  25 two-headed ogres
  A harpy zombie (Zot:2)
  A golden dragon simulacrum (Depths:3)
  4 deep elf priests
  25 slime creatures
  A polar bear (Lair:4)
  A polar bear (shapeshifter) (Vaults:2)
  2 red devils
  A boulder beetle (shapeshifter) (Vaults:1)
  5 bog bodies
  Prince Ribbit (D:9)
  A queen bee (shapeshifter) (Vaults:4)
  7 boulder beetles
  25 jumping spiders
  23 blink frogs
  17 freezing wraiths
  2 frost giant simulacra (Crypt:1)
  9 trolls
  2 ice dragon zombies
  A stone giant simulacrum (Crypt:1)
  A two-headed ogre (shapeshifter) (Depths:5)
  A harpy skeleton (Crypt:1)
  An ettin zombie (Crypt:1)
  A hydra skeleton (Crypt:3)
  A vampire (Crypt:2)
  A sphinx simulacrum (Depths:4)
  A spriggan skeleton (Depths:1)
  23 flying skulls
  17 shadows
  2 water elementals
  4 fire bats (Volcano)
  An ice dragon skeleton (Crypt:1)
  8 spriggans
  2 wyverns
  A satyr skeleton (Crypt:1)
  21 trapdoor spiders
  48 redbacks
  2 basilisks
  A black mamba skeleton (Crypt:3)
  2 chaos spawn
  21 tarantellas
  10 wraiths
  A wyvern (shapeshifter) (Vaults:3)
  3 swamp worm simulacra (Swamp:4)
  2 deep elf magi
  A giant leech zombie (Crypt:3)
  22 vampire mosquitoes
  9 hippogriffs
  A steam dragon (D:12)
  34 yaks
  2 neqoxecs
  11 deep elf fighters
  7 hungry ghosts
  16 wolves
  6 hell hounds
  A gelid demonspawn zombie (Crypt:2)
  A soldier ant (D:9)
  11 porcupines
  6 wargs
  5 insubstantial wisps (Swamp:1)
  11 swamp worms
  12 water moccasins
  2 mottled dragons
  6 swamp drakes
  12 hydra simulacra (Swamp:4)
  2 black bears
  3 phantoms
  2 sky beasts
  74 ogres
  2 human zombies
  5 ice beasts
  13 boggarts
  A manticore skeleton (Crypt:1)
  An eye of draining (D:8)
  10 wasps
  The ghost of password the Charlatan, an amateur FoAr (D:3)
  38 orc warriors
  5 necrophages
  30 centaurs
  13 crocodiles
  A gnoll sergeant (D:9)
  2 wyvern zombies
  A glowing shapeshifter simulacrum (Depths:3)
  31 giant frogs
  A queen bee zombie (Crypt:1)
  5 scorpions
  A wyvern skeleton (D:15)
  An elf simulacrum (Vaults:1)
  15 killer bees (D:9)
  A troll skeleton (Crypt:1)
  14 wights
  17 electric eels
  7 lava snakes
  3 jellies
  5 centaur zombies
  8 crimson imps
  3 hounds
  A wolf skeleton (Crypt:1)
  5 centaur skeletons
  4 giant frog skeletons
  A giant frog zombie (D:13)
  2 human simulacra
  48 orc wizards
  35 orc priests
  9 iguanas
  9 worker ants
  19 sheep
  2 hell rats
  A tengu zombie (Crypt:1)
  An ogre skeleton (Crypt:2)
  5 gnolls (D:9)
  6 adders
  2 worker ant zombies
  71 river rats
  5 shadow imps
  An ooze (D:4)
  5 worms
  2 adder skeletons
  A lava snake zombie (Crypt:3)
  A sheep skeleton (Crypt:3)
  7 giant geckos
  200 orcs
  A ball python (D:1)
  8 bats
  7 giant cockroaches
  4 goblins
  12 hobgoblins
  12 jackals
  5 quokkas
  A giant gecko zombie (D:8)
  3 giant newts
  A gnoll skeleton (Crypt:1)
  A jackal skeleton (Crypt:2)
  2 kobolds (D:2)
  A quokka skeleton (Crypt:1)
  11 rats
  A river rat zombie (Crypt:1)
  A bush (Lair:3)
  2 crawling corpses (Vaults:5)
  8 fungi
  13 plants
2323 creatures vanquished.

Vanquished Creatures (collateral kills)
  A stone giant (Vaults:5)
  16 vault guards (Vaults:5)
  An ogre mage (Vaults:5)
  A harpy (shapeshifter) (Vaults:5)
  A two-headed ogre (Vaults:5)
  An ogre (Vaults:5)
21 creatures vanquished.

Vanquished Creatures (others)
  Josephine (Orc:4)
  2 hydras (Swamp:1)
  A swamp drake (Swamp:4)
  2 ogres
  A lava snake (Lair:7)
  2 orcs (D:11)
  10 briar patches (Swamp:4)
  A fire vortex (Volcano)
  13 fungi
  9 lost souls
  2 plants
44 creatures vanquished.

Grand Total: 2388 creatures vanquished

Notes
Turn   | Place    | Note
--------------------------------------------------------------
     0 | D:1      | elliptic the Deep Dwarf Gladiator began the quest for the Orb.
     0 | D:1      | Reached XP level 1. HP: 19/19 MP: 1/1
   106 | D:1      | Reached XP level 2. HP: 17/26 MP: 2/2
   127 | D:1      | Reached skill level 4 in Axes
   626 | D:2      | Reached XP level 3. HP: 32/32 MP: 3/3
   971 | D:2      | Found a stormy altar of Qazlal.
   993 | D:2      | Reached skill level 5 in Axes
  1616 | D:2      | Reached XP level 4. HP: 35/39 MP: 4/4
  1840 | D:3      | Reached skill level 6 in Axes
  1841 | D:3      | Reached XP level 5. HP: 27/46 MP: 5/5
  1951 | D:3      | Found an iron altar of Okawaru.
  2058 | D:3      | Noticed password's ghost (amateur FoAr)
  2085 | D:3      | Killed password's ghost
  2085 | D:3      | Reached skill level 7 in Axes
  2133 | D:3      | Reached XP level 6. HP: 35/54 MP: 5/5
  2263 | D:3      | Found a blossoming altar of Fedhas.
  2263 | D:3      | Found a radiant altar of Vehumet.
  2264 | D:3      | Found a glowing golden altar of the Shining One.
  2270 | D:3      | Found a sparkling altar of Nemelex Xobeh.
  2566 | D:4      | Reached skill level 8 in Axes
  2792 | D:4      | Found Nairghao's Gadget Boutique.
  2914 | D:4      | Reached skill level 3 in Fighting
  2914 | D:4      | Reached XP level 7. HP: 35/62 MP: 6/6
  3269 | D:5      | Entered Level 5 of the Dungeon
  3293 | D:4      | Reached skill level 1 in Armour
  3356 | D:5      | Reached skill level 3 in Armour
  3526 | D:5      | Reached skill level 9 in Axes
  3602 | D:5      | Reached XP level 8. HP: 33/69 MP: 6/6
  3684 | D:5      | Reached skill level 10 in Axes
  3779 | D:4      | Bought a wand of fire (7) for 286 gold pieces
  3913 | D:6      | Learned a level 2 spell: Blink
  3915 | D:6      | Learned a level 1 spell: Apportation
  3926 | D:6      | Found an oddly glowing altar of Pakellas.
  3930 | D:6      | Became a worshipper of Pakellas the Inventive
  4548 | D:6      | Reached skill level 1 in Evocations
  4582 | D:7      | Reached skill level 3 in Evocations
  4598 | D:6      | Gained mutation: You passively map the area around you. [Deep Dwarf growth]
  4598 | D:6      | Reached XP level 9. HP: 50/79 MP: 7/9
  4650 | D:7      | Found a staircase to the Ecumenical Temple.
  4682 | D:7      | Reached * piety under Pakellas
  4762 | D:7      | Reached skill level 6 in Evocations
  5105 | D:8      | Noticed Erica
  5108 | D:8      | Killed Erica
  5108 | D:8      | Reached skill level 9 in Evocations
  5136 | D:8      | Found a shattered altar of Ashenzari.
  5174 | D:8      | Got a slimy flail
  5388 | D:8      | Found a blossoming altar of Fedhas.
  5396 | D:8      | Reached skill level 11 in Axes
  5570 | D:8      | Reached ** piety under Pakellas
  5625 | D:8      | Noticed Gastronok
  5626 | D:8      | hi
  5658 | D:8      | Killed Gastronok
  5658 | D:8      | Reached skill level 12 in Axes
  5658 | D:8      | Reached XP level 10. HP: 61/87 MP: 8/13
  6042 | D:9      | Noticed Prince Ribbit
  6045 | D:9      | Reached skill level 6 in Armour
  6067 | D:9      | Killed Prince Ribbit
  6106 | D:9      | Reached skill level 13 in Axes
  6202 | D:9      | Found a shadowy altar of Dithmenos.
  6232 | D:9      | Noticed Psyche
  6329 | D:9      | Reached *** piety under Pakellas
  6346 | D:10     | Entered Level 10 of the Dungeon
  6480 | D:10     | Reached XP level 11. HP: 82/96 MP: 7/14
  6489 | D:10     | Found a staircase to the Lair.
  6510 | D:10     | HP: 16/96 [porcupine (8)]
  6714 | D:10     | Reached skill level 14 in Axes
  6918 | D:10     | SGrunt: RECHARGETHEWAND
  6918 | D:10     | yes this isn't actually very good
  6918 | D:10     | the problem is that right after recharging the wand I can't use DD recharge
  6918 | D:10     | because no MP
  6918 | D:10     | so it is actually dangerous
  6949 | D:10     | Noticed WingedEspeon's ghost (novice DDGl)
  6953 | D:10     | oh
  6978 | D:10     | meh
  7049 | Lair:1   | Entered Level 1 of the Lair of Beasts
  7095 | Lair:1   | Reached skill level 6 in Fighting
  7116 | Lair:1   | Reached **** piety under Pakellas
  7598 | Lair:1   | :(
  7790 | Lair:2   | Reached skill level 12 in Evocations
  8254 | Lair:3   | Noticed Nergalle
  8289 | Lair:3   | Killed Nergalle
  8437 | Lair:3   | Noticed a six-headed hydra
  8441 | Lair:3   | Killed a six-headed hydra
  8467 | Lair:3   | Noticed an eight-headed hydra
  8469 | Lair:3   | Reached skill level 15 in Axes
  8470 | Lair:3   | Received a gift from Pakellas
  8476 | Lair:3   | Killed an eight-headed hydra
  8537 | Lair:3   | Reached XP level 12. HP: 82/105 MP: 1/14
  9319 | Lair:4   | Reached skill level 16 in Axes
  9459 | Lair:4   | Got an ancient robe
  9663 | Lair:4   | Reached skill level 6 in Dodging
  9953 | Lair:5   | good
 10124 | Lair:5   | Reached skill level 9 in Dodging
 10747 | Lair:5   | HP: 15/109 [boulder beetle (28)]
 10821 | Lair:6   | Noticed an eight-headed hydra
 10828 | Lair:6   | Killed an eight-headed hydra
 10847 | Lair:6   | Reached XP level 13. HP: 82/115 MP: 2/15
 10989 | Lair:6   | Found a staircase to the Swamp.
 11066 | Lair:6   | Reached skill level 9 in Armour
 11515 | Lair:6   | Found a hole to the Spider Nest.
 11800 | Lair:7   | Found a viscous altar of Jiyva.
 11802 | Lair:7   | Noticed Nessos
 11805 | Lair:7   | Noticed Nessos
 11805 | Lair:7   | Nessos changed into Nessos the merfolk
 11839 | Lair:7   | Killed Nessos the merfolk
 11848 | Lair:7   | Found a dark tunnel.
 11858 | Volcano  | Entered a volcano
 11895 | Volcano  | Reached skill level 12 in Dodging
 11966 | Volcano  | Found a radiant altar of Vehumet.
 12108 | Lair:7   | who is yara
 12108 | Lair:7   | SGrunt: ask PF
 12108 | Lair:7   | yes
 12122 | Lair:7   | Found a staircase to the Slime Pits.
 12349 | Lair:7   | Reached ***** piety under Pakellas
 12410 | Lair:7   | meh
 12414 | Lair:7   | fine
 12758 | Lair:7   | hi
 13138 | Lair:8   | Entered Level 8 of the Lair of Beasts
 13144 | Lair:8   | meh
 13465 | Lair:8   | Received a gift from Pakellas
 13470 | Lair:8   | SGrunt: I am having trouble deciding how well or poorly this interacts with DD
 13470 | Lair:8   | yes
 13529 | Lair:8   | btw would I be better off with lower MMP? I don't know how things work
 13529 | Lair:8   | but if quick charge uses mp/mmp and mp on kills is additive then that seems like it would be the case
 13529 | Lair:8   | SGrunt: hm I think I wrote the formula based around current MP and not MMP
 13529 | Lair:8   | learndb says that quick charge uses MP/MMP
 13529 | Lair:8   | SGrunt: I didn't write the learndb entry
 13529 | Lair:8   | okay
 13589 | Lair:8   | Reached skill level 15 in Evocations
 13599 | Lair:8   | Gained mutation: You resist negative energy. [Deep Dwarf growth]
 13599 | Lair:8   | Reached XP level 14. HP: 67/127 MP: 6/17
 14074 | Lair:8   | Reached skill level 17 in Axes
 14098 | Lair:8   | SGrunt: hm it is based on the ratio but also significantly on evocations skill
 14098 | Lair:8   | and how does MP on kills work? is that also based on ratio?
 14098 | Lair:8   | SGrunt: I would have to see how this ends up scaling if evo skill is your only MP src
 14098 | Lair:8   | well what I am wondering is whether I should waste a bunch of MP on DD recharging
 14098 | Lair:8   | SGrunt: MP on kills is half of what you would get for following Veh
 14098 | Lair:8   | since if I drain my MP down to 5 or so, then I'll fill it up much more quickly for quick charge
 14129 | Lair:8   | Got a scorched turquoise ring
 14130 | Lair:8   | Identified the ring "Macvif Uchu" {rF+ rC+ Stlth+} (You found it on level 8 of the Lair of Beasts)
 14218 | Lair:8   | SGrunt: could in principle base it on mmmp to avoid that but that starts getting silly
 14218 | Lair:8   | well I was thinking that you could have MP on kills be scaled by MMP also
 14303 | Lair:8   | SGrunt: hm I would need to tinker with that
 14670 | D:10     | Found a stormy altar of Qazlal.
 15139 | D:4      | Bought a piece from Xom's chessboard for 260 gold pieces
 15299 | D:10     | Killed WingedEspeon's ghost
 15313 | D:11     | um
 15313 | D:11     | SGrunt: hi...
 15569 | D:11     | Noticed Urug
 15569 | D:11     | hi
 15587 | D:11     | Killed Urug
 15589 | D:11     | Got a brightly glowing battleaxe {pain}
 15607 | D:11     | Identified the +9 battleaxe of Eternal Vigilance {pain, rF+ rN+} (You took it off Urug on level 11 of the Dungeon)
 15926 | D:6      | Learned a level 4 spell: Control Undead
 16087 | D:11     | Reached skill level 1 in Necromancy
 16133 | D:11     | Got a scorched shortbow
 16347 | D:11     | Got an ichor-stained helmet
 16358 | D:11     | Identified the +2 helmet of Fallacy {SInv} (You found it on level 11 of the Dungeon)
 16454 | D:11     | Reached skill level 3 in Necromancy
 16729 | D:12     | Found a staircase to the Orcish Mines.
 16745 | D:12     | Found a roughly hewn altar of Beogh.
 17513 | Orc:1    | Entered Level 1 of the Orcish Mines
 17534 | Orc:1    | Received a gift from Pakellas
 17808 | Orc:2    | Noticed Maud
 17819 | Orc:2    | Killed Maud
 17905 | Orc:1    | Found Ivigheych's Antique Armour Boutique.
 17924 | Orc:1    | Bought a faintly glowing cloak for 294 gold pieces
 17934 | Orc:1    | Identified the +0 cloak of Sajofubb {rF- rN++ Str+6} (You bought it in a shop on level 1 of the Orcish Mines)
 17966 | Orc:1    | Reached skill level 6 in Necromancy
 18422 | Orc:2    | Reached skill level 18 in Axes
 18793 | Orc:3    | Found a staircase to the Elven Halls.
 19141 | Orc:4    | Entered Level 4 of the Orcish Mines
 19206 | Orc:4    | Noticed Josephine
 19222 | Orc:4    | Killed Josephine
 19560 | Orc:4    | Found a radiant altar of Vehumet.
 19561 | Orc:4    | Noticed Erolcha
 19574 | Orc:4    | Killed Erolcha
 19610 | Orc:4    | Found Deriq's Antique Armour Shoppe.
 19625 | Orc:4    | Found an ancient bone altar of Kikubaaqudgha.
 19671 | Orc:4    | Found Vacucwys's Book Emporium.
 19715 | Orc:4    | Found a roughly hewn altar of Beogh.
 19715 | Orc:4    | Found Yruceff's Distillery.
 19730 | Orc:4    | Found Ytutterph's Distillery.
 19739 | Orc:4    | Bought a potion of heal wounds for 85 gold pieces
 19739 | Orc:4    | Bought a potion of curing for 51 gold pieces
 19739 | Orc:4    | Bought a potion of resistance for 170 gold pieces
 19739 | Orc:4    | Bought a potion of curing for 51 gold pieces
 19739 | Orc:4    | Bought a potion of agility for 68 gold pieces
 19748 | Orc:4    | Bought a potion of beneficial mutation for 455 gold pieces
 19748 | Orc:4    | Bought a potion of magic for 104 gold pieces
 19748 | Orc:4    | Bought a potion of haste for 130 gold pieces
 19748 | Orc:4    | Bought a potion of might for 52 gold pieces
 19759 | Orc:4    | Gained mutation: You are partially covered in large bone plates (AC +2, SH +2). [potion of beneficial mutation]
 20003 | Orc:4    | Reached XP level 15. HP: 110/134 MP: 18/18
 20280 | D:13     | Received a gift from Pakellas
 20288 | D:13     | Got a transparent lapis lazuli ring
 20289 | D:13     | Identified the ring "Leogil" {rElec rF+ MR+ MP+9} (You found it on level 13 of the Dungeon)
 20414 | D:13     | SGrunt: I have discovered that quick charge does not actually depend on piety
 20414 | D:13     | yes that agrees with learndb
 20558 | D:13     | Reached skill level 19 in Axes
 20768 | D:14     | Found a gate to the Vaults.
 20950 | D:14     | Found a shadowy altar of Dithmenos.
 21531 | D:15     | Entered Level 15 of the Dungeon
 22154 | D:15     | Found a staircase to the Depths.
 22161 | D:15     | Reached skill level 20 in Axes
 22475 | Spider:1 | Entered Level 1 of the Spider Nest
 22527 | Spider:1 | Reached ****** piety under Pakellas
 22528 | Spider:1 | Identified a wand of heal wounds (12) (supercharged by Pakellas)
 22851 | Orc:4    | Bought a warped plate armour for 728 gold pieces
 22861 | Orc:4    | Identified the +8 plate armour of Divine Intervention {rElec Int+5 Dex-2} (You bought it in a shop on level 4 of the Orcish Mines)
 22861 | Orc:4    | okay
 23417 | Spider:1 | Reached skill level 9 in Necromancy
 23471 | Spider:1 | Noticed Nikola
 23482 | Spider:1 | Killed Nikola
 23505 | Spider:1 | Paralysed by a hornet for 3 turns
 23816 | Spider:2 | Reached skill level 9 in Fighting
 23834 | Spider:1 | :(
 23881 | Spider:2 | Got a brightly glowing rapier
 24260 | Orc:4    | Bought a pair of glowing gloves for 117 gold pieces
 24606 | Spider:2 | Reached XP level 16. HP: 136/147 MP: 15/19
 24642 | Spider:2 | Noticed Agnes
 24655 | Spider:2 | Killed Agnes
 24826 | Spider:2 | Received a gift from Pakellas
 24890 | Spider:2 | Reached skill level 12 in Fighting
 25212 | Spider:4 | Entered Level 4 of the Spider Nest
 26196 | Spider:4 | Reached skill level 12 in Armour
 26329 | Spider:4 | Got a gossamer rune of Zot
 26774 | Vaults:1 | Entered Level 1 of the Vaults
 26790 | Vaults:1 | Reached XP level 17. HP: 161/166 MP: 14/20
 26965 | Vaults:1 | Received a gift from Pakellas
 28081 | Vaults:1 | Noticed an Ice Fiend
 28113 | Vaults:1 | Reached skill level 15 in Dodging
 28118 | Vaults:1 | Reached skill level 15 in Armour
 29116 | Vaults:2 | Gained mutation: You passively map a large area around you. [Deep Dwarf growth]
 29116 | Vaults:2 | Reached XP level 18. HP: 118/175 MP: 17/22
 29121 | Vaults:2 | what
 29384 | Vaults:2 | Found a staircase to the Crypt.
 29390 | Vaults:2 | Reached skill level 18 in Evocations
 29789 | Vaults:3 | Received a gift from Pakellas
 29888 | Vaults:3 | Found Potil's Assorted Antiques.
 29943 | Vaults:3 | Gained mutation: You have a pair of small antennae on your head. [potion of beneficial mutation]
 29944 | Vaults:3 | rip
 30213 | Vaults:3 | Noticed Jorgrun
 30225 | Vaults:3 | Killed Jorgrun
 30246 | Vaults:3 | HP: 33/175 [centaur warrior (5)]
 30566 | Vaults:3 | Found a portal to a secret trove of treasure.
 31136 | Vaults:3 | Reached skill level 21 in Evocations
 31299 | Vaults:4 | Noticed Donald
 31314 | Vaults:4 | Killed Donald
 31433 | Vaults:4 | Noticed Saint Roka
 31507 | Vaults:4 | Killed Saint Roka
 31507 | Vaults:4 | Reached XP level 19. HP: 85/182 MP: 25/25
 31764 | Vaults:4 | Reached skill level 22 in Evocations
 31964 | Vaults:4 | Received a gift from Pakellas
 32127 | Vaults:4 | Found Vezeigav's General Store.
 32457 | Vaults:4 | Reached skill level 23 in Evocations
 33054 | Crypt:1  | Entered Level 1 of the Crypt
 33055 | Crypt:1  | Upgraded the game from 0.18-a0-373-gcc2b192 to 0.18-a0-386-g1c8d873
 33540 | Crypt:1  | Noticed Wiglaf
 33663 | Crypt:1  | Reached skill level 24 in Evocations
 33706 | Crypt:1  | hi
 33779 | Crypt:1  | Killed Wiglaf
 33800 | Crypt:1  | Noticed Sojobo
 33828 | Crypt:1  | Killed Sojobo
 34548 | Crypt:2  | Got a bloodstained robe
 34631 | Crypt:2  | Reached skill level 25 in Evocations
 34631 | Crypt:2  | Reached XP level 20. HP: 147/190 MP: 13/28
 35497 | Crypt:3  | Entered Level 3 of the Crypt
 35945 | Crypt:3  | Reached skill level 26 in Evocations
 36001 | Crypt:3  | Found a staircase to the Tomb.
 36096 | Crypt:3  | Received a gift from Pakellas
 36177 | Crypt:3  | SGrunt: twothirdscharge is ready
 36177 | Crypt:3  | Upgraded the game from 0.18-a0-386-g1c8d873 to 0.18-a0-389-gd9eaaf7
 36177 | Crypt:3  | ty
 36194 | Crypt:3  | SGrunt: have to make up for the earlier nerf.......
 36194 | Crypt:3  | and for not letting this char get supercharged wand!!
 36215 | Crypt:3  | good
 36215 | Crypt:3  | did I actually have 18 MP?
 36253 | Crypt:3  | Found a basalt altar of Yredelemnul.
 36372 | Crypt:3  | hi
 36465 | Crypt:3  | SGrunt: mm it is church_of_pain_bobbens
 36465 | Crypt:3  | yes
 36466 | Crypt:3  | Got an ancient ivory ring
 36467 | Crypt:3  | Identified the ring "Qoumicun" {+Inv Dex+4} (You found it on level 3 of the Crypt)
 36470 | Crypt:3  | Got a sparkling bone ring
 36471 | Crypt:3  | Identified the ring "Beuvvemo" {Str+3 Dex+4} (You found it on level 3 of the Crypt)
 36473 | Crypt:3  | SGrunt: have not seen someone actually playing this for a while
 36473 | Crypt:3  | I've gotten it a few times recently
 36473 | Crypt:3  | SGrunt: probably just have not watched many people in Crypt
 36473 | Crypt:3  | yes
 36491 | Crypt:3  | Identified the Reference Book on Darkness
 36492 | Crypt:3  | does P hate sublimation?
 36492 | Crypt:3  | SGrunt: no, though this was previously the case when P hated spells
 36492 | Crypt:3  | SGrunt: not sure if allowing that is desirable
 36492 | Crypt:3  | yeah, sublimation on non-DD of P seems like it might not be something you want to allow
 36492 | Crypt:3  | it isn't good here though
 36679 | Crypt:3  | Reached skill level 27 in Evocations
 37361 | Vaults:3 | Bought a potion of haste for 460 gold pieces
 37361 | Vaults:3 | Bought a potion of might for 184 gold pieces
 37664 | Swamp:1  | Entered Level 1 of the Swamp
 37760 | Swamp:1  | Paralysed by a hornet for 4 turns
 38168 | Swamp:3  | SGrunt: I merged ce into this branch and rebuilt
 38168 | Swamp:3  | ty
 38168 | Swamp:3  | Upgraded the game from 0.18-a0-389-gd9eaaf7 to 0.18-a0-398-g3794946
 38282 | Swamp:4  | Entered Level 4 of the Swamp
 38353 | Swamp:4  | Got a slimy robe
 38372 | Swamp:4  | not many corpses here to test ce
 38380 | Swamp:4  | SGrunt: I am sad you did not get a conventional ending
 38380 | Swamp:4  | yes
 38508 | Swamp:4  | Got a decaying rune of Zot
 38594 | Swamp:3  | meh
 38607 | Swamp:3  | Reached XP level 21. HP: 143/199 MP: 16/30
 38634 | Swamp:3  | SGrunt: this feels very gw for some reason
 39002 | Depths:1 | Entered Level 1 of the Depths
 39104 | Depths:1 | Received a gift from Pakellas
 39165 | Depths:1 | Found a one-way gate to the infinite horrors of the Abyss.
 39165 | Depths:1 | Found a gateway to Hell.
 39449 | Depths:1 | Found a one-way gate leading to the halls of Pandemonium.
 39453 | Depths:1 | Noticed Mara
 39467 | Depths:1 | Killed Mara
 39499 | Depths:1 | Got a distressingly furry crystal plate armour
 39500 | Depths:1 | Identified the +2 crystal plate armour of an ossuary {rF++ rC+ Int+4} (You acquired it on level 1 of the Depths)
 40849 | Depths:2 | Found Zamod's Food Shop.
 41037 | Depths:3 | Reached skill level 18 in Armour
 41258 | Depths:3 | Found an iron altar of Okawaru.
 41552 | Depths:3 | Got a black opal-encrusted scale mail
 41756 | Depths:3 | Reached XP level 22. HP: 109/208 MP: 20/31
 41791 | Depths:3 | Upgraded the game from 0.18-a0-398-g3794946 to 0.18-a0-551-gf8f965f
 42015 | Depths:3 | Received a gift from Pakellas
 42686 | Depths:4 | Found Kag Kisch's Food Emporium.
 42695 | Depths:4 | hm
 42729 | Depths:4 | meh
 42755 | Depths:4 | Found a gateway to a ziggurat.
 43245 | Depths:5 | Entered Level 5 of the Depths
 43357 | Depths:4 | Reached skill level 15 in Fighting
 44325 | Depths:5 | Found a gate to the Realm of Zot.
 44694 | Hell     | Entered the Vestibule of Hell
 44694 | Hell     | Noticed Geryon
 44728 | Hell     | Noticed Murray
 44881 | Hell     | hi
 44881 | Hell     | :(
 44882 | Hell     | SGrunt: to hell with Pakellas?
 44882 | Hell     | yes
 45030 | Hell     | these souls
 45032 | Hell     | SGrunt: why are they even here
 45032 | Hell     | good question, they were here at start
 45033 | Hell     | SGrunt: guessing: someone snuck them into a subvault
 45033 | Hell     | yes
 45038 | Hell     | fortunately hitting the W is using them up
 45051 | Hell     | SGrunt: vestibule_tar_nicolae_necropolis
 45068 | Depths:5 | Killed Murray
 45105 | Hell     | Killed Geryon
 45122 | Depths:5 | bye
 45245 | Depths:2 | this is likely actually dangerous I guess
 45248 | Depths:2 | SGrunt: I am confused at the size of this pack
 45248 | Depths:2 | there are often this many
 45256 | Depths:2 | SGrunt: that may have been two bands, or an old placement
 45256 | Depths:2 | mm
 45399 | D:14     | Reached XP level 23. HP: 196/219 MP: 30/30
 45506 | Vaults:3 | You paid a toll of the horn of Geryon to enter a treasure trove
 45507 | Trove    | Entered a treasure trove
 45532 | Trove    | Got a transparent iron amulet
 45533 | Trove    | Identified the amulet "Hoifocash" {Dismiss *Contam rC+ MR+++ Int-4 Dex-5} (You found it in a treasure trove)
 45534 | Trove    | um
 45549 | Trove    | Got a warped granite ring
 45550 | Trove    | Identified the ring "Jevie" {MP+9 Str+6} (You found it in a treasure trove)
 45575 | Trove    | Got a shimmering zirconium amulet
 45576 | Trove    | Identified the amulet of Qeaffos {Gourm Dex+2} (You found it in a treasure trove)
 45603 | Vaults:3 | uh
 45603 | Vaults:3 | well
 45603 | Vaults:3 | right, this started because I was considering enchanting stuff
 45680 | Vaults:4 | why is this exclusion so weird
 45681 | Vaults:4 | SGrunt: glass
 45681 | Vaults:4 | yes
 45700 | Vaults:4 | I guess there is probably exciting loot here
 45742 | Vaults:5 | Entered Level 5 of the Vaults
 45744 | Vaults:5 | XOM: swap monsters
 45745 | Vaults:5 | XOM: swap monsters
 45746 | Vaults:5 | XOM: swap monsters
 45747 | Vaults:5 | XOM: swap monsters
 45748 | Vaults:5 | XOM: swap monsters
 45749 | Vaults:5 | XOM: swap monsters
 45750 | Vaults:5 | XOM: swap monsters
 45751 | Vaults:5 | XOM: swap monsters
 45752 | Vaults:5 | XOM: swap monsters
 45753 | Vaults:5 | XOM: swap monsters
 45754 | Vaults:5 | XOM: swap monsters
 45755 | Vaults:5 | XOM: swap monsters
 45755 | Vaults:5 | Reached skill level 21 in Armour
 45756 | Vaults:5 | XOM: swap monsters
 45757 | Vaults:5 | XOM: swap monsters
 45758 | Vaults:5 | XOM: swap monsters
 45759 | Vaults:5 | XOM: swap monsters
 45760 | Vaults:5 | XOM: swap monsters
 45761 | Vaults:5 | XOM: swap monsters
 45762 | Vaults:5 | XOM: swap monsters
 45763 | Vaults:5 | XOM: swap monsters
 45764 | Vaults:5 | XOM: swap monsters
 45765 | Vaults:5 | XOM: swap monsters
 45766 | Vaults:5 | XOM: swap monsters
 45767 | Vaults:5 | XOM: swap monsters
 45768 | Vaults:5 | XOM: swap monsters
 45769 | Vaults:5 | XOM: swap monsters
 45770 | Vaults:5 | XOM: swap monsters
 45771 | Vaults:5 | XOM: swap monsters
 45772 | Vaults:5 | XOM: swap monsters
 45773 | Vaults:5 | XOM: swap monsters
 45774 | Vaults:5 | XOM: swap monsters
 45775 | Vaults:5 | XOM: swap monsters
 45776 | Vaults:5 | XOM: swap monsters
 45777 | Vaults:5 | XOM: swap monsters
 45779 | Vaults:5 | XOM: swap monsters
 45780 | Vaults:5 | XOM: swap monsters
 45780 | Vaults:5 | Received a gift from Pakellas
 45781 | Vaults:5 | XOM: swap monsters
 45782 | Vaults:5 | XOM: swap monsters
 45783 | Vaults:5 | XOM: swap monsters
 45784 | Vaults:5 | XOM: swap monsters
 45785 | Vaults:5 | XOM: swap monsters
 45786 | Vaults:5 | XOM: swap monsters
 45787 | Vaults:5 | XOM: swap monsters
 45788 | Vaults:5 | XOM: swap monsters
 45789 | Vaults:5 | XOM: swap monsters
 45790 | Vaults:5 | XOM: swap monsters
 45791 | Vaults:5 | XOM: swap monsters
 45792 | Vaults:5 | XOM: swap monsters
 45793 | Vaults:5 | XOM: swap monsters
 45794 | Vaults:5 | XOM: swap monsters
 45795 | Vaults:5 | XOM: swap monsters
 45796 | Vaults:5 | XOM: swap monsters
 45797 | Vaults:5 | XOM: swap monsters
 45798 | Vaults:5 | XOM: swap monsters
 45799 | Vaults:5 | XOM: swap monsters
 45800 | Vaults:5 | XOM: swap monsters
 45801 | Vaults:5 | XOM: swap monsters
 45802 | Vaults:5 | XOM: swap monsters
 45803 | Vaults:5 | XOM: swap monsters
 45804 | Vaults:5 | XOM: swap monsters
 45805 | Vaults:5 | XOM: swap monsters
 45911 | Vaults:5 | Noticed an ancient lich
 45911 | Vaults:5 | hi
 45934 | Vaults:5 | Killed an ancient lich
 46048 | Vaults:5 | Reached skill level 18 in Dodging
 46091 | Vaults:5 | Noticed an ancient lich
 46117 | Vaults:5 | Killed an ancient lich
 46282 | Vaults:5 | Got a faintly glowing silver ring
 46283 | Vaults:5 | Identified the ring "Yshiel" {SustAt MR+ Int+3} (You found it on level 5 of the Vaults)
 46565 | Vaults:5 | Got a silver rune of Zot
 46578 | Vaults:5 | Learned a level 2 spell: Repel Missiles
 46582 | Vaults:5 | Identified the Catalogue of Summoning
 46615 | Vaults:5 | Found Kyezum's Food Emporium.
 46643 | Vaults:5 | Noticed Xtahua
 46644 | Vaults:5 | hi
 46654 | Vaults:5 | Found Xutuam's Magic Scroll Shoppe.
 46663 | Vaults:5 | hi
 46670 | Vaults:5 | Killed Xtahua
 46707 | Vaults:5 | hi
 46714 | Vaults:5 | Noticed Mennas
 46742 | Vaults:5 | Found Nuoc's Distillery.
 46830 | Vaults:5 | hm
 46855 | Vaults:5 | Killed Mennas
 46894 | Vaults:5 | Bought a scroll of magic mapping for 66 gold pieces
 46894 | Vaults:5 | Bought a scroll of silence for 142 gold pieces
 46909 | Vaults:5 | Bought a potion of heal wounds for 100 gold pieces
 46909 | Vaults:5 | Bought a potion of haste for 200 gold pieces
 46909 | Vaults:5 | Bought a potion of curing for 60 gold pieces
 46909 | Vaults:5 | Bought a potion of curing for 60 gold pieces
 46909 | Vaults:5 | Bought a potion of curing for 60 gold pieces
 46909 | Vaults:5 | Bought a potion of curing for 60 gold pieces
 46909 | Vaults:5 | Bought a potion of berserk rage for 100 gold pieces
 46909 | Vaults:5 | Bought a potion of cancellation for 160 gold pieces
 46909 | Vaults:5 | Bought a potion of cancellation for 160 gold pieces
 46916 | Vaults:5 | Found Oliyrch's Magic Scroll Shoppe.
 46920 | Vaults:5 | Bought a scroll of acquirement for 936 gold pieces
 46921 | Vaults:5 | Got a pair of scorched boots
 46932 | Vaults:5 | Identified the +0 pair of boots "Ogell" {rF+ Str+3 Int+4 Slay-4} (You acquired it on level 5 of the Vaults)
 46962 | Vaults:5 | Found Utuygrac's Magic Scroll Shop.
 46969 | Vaults:5 | Bought a scroll of magic mapping for 45 gold pieces
 46973 | Vaults:5 | Found Juddirche's Magic Scroll Shoppe.
 46977 | Vaults:5 | Bought 3 scrolls of recharging for 513 gold pieces
 46977 | Vaults:5 | Bought a scroll of recharging for 171 gold pieces
 47033 | Vaults:5 | Found Qithrot's Food Emporium.
 47044 | Vaults:5 | Found Guriamatal's Food Boutique.
 47130 | Vaults:5 | Reached XP level 24. HP: 218/234 MP: 30/30
 47862 | Vaults:5 | Bought a scroll of teleportation for 39 gold pieces
 47874 | Vaults:5 | Bought a scroll of teleportation for 54 gold pieces
 47888 | Vaults:5 | Bought a scroll of teleportation for 54 gold pieces
 47888 | Vaults:5 | Bought a scroll of teleportation for 54 gold pieces
 47990 | Vaults:3 | Bought a scroll of teleportation for 138 gold pieces
 47990 | Vaults:3 | Bought a potion of cancellation for 368 gold pieces
 48277 | Orc:4    | Bought a potion of curing for 39 gold pieces
 48277 | Orc:4    | Bought a potion of curing for 39 gold pieces
 48277 | Orc:4    | Bought a potion of curing for 39 gold pieces
 48277 | Orc:4    | Bought a potion of curing for 39 gold pieces
 48277 | Orc:4    | Bought a potion of curing for 39 gold pieces
 48277 | Orc:4    | Bought a potion of agility for 52 gold pieces
 48277 | Orc:4    | Bought a potion of agility for 52 gold pieces
 48286 | Orc:4    | Bought a potion of brilliance for 68 gold pieces
 48708 | Zot:1    | Entered Level 1 of the Realm of Zot
 48744 | Zot:1    | SGrunt: did I miss chesspiece
 48744 | Zot:1    | yes
 48744 | Zot:1    | go watch tv of right after I entered v5
 48744 | Zot:1    | invite simmarine to watch too
 48796 | Zot:2    | hi
 48818 | Zot:2    | Received a gift from Pakellas
 48835 | Zot:2    | why was there a gooe anyway
 48837 | Zot:2    | SGrunt: probably: hangedman vault
 48837 | Zot:2    | or shifter?
 48837 | Zot:2    | SGrunt: I see metal walls in Zot
 48837 | Zot:2    | SGrunt: that suggests: hangedman vault
 48837 | Zot:2    | ah
 48898 | Zot:4    | good berserk acid blob vault
 48898 | Zot:4    | SGrunt: show me that map again ??
 48898 | Zot:4    | this one?
 48898 | Zot:4    | looks normal enough
 48898 | Zot:4    | SGrunt: I also see st_grand_hoard_of_tiamat I think
 48898 | Zot:4    | yes
 48918 | Zot:5    | Entered Level 5 of the Realm of Zot
 48920 | Zot:5    | SGrunt: also: wth am I watching in this tv
 48920 | Zot:5    | yes
 48931 | Zot:5    | hi
 48931 | Zot:5    | SGrunt: wow
 49008 | Zot:5    | Noticed an ancient lich
 49028 | Zot:5    | Noticed an ancient lich
 49028 | Zot:5    | Killed an ancient lich
 49029 | Zot:5    | SGrunt: imo the next time you get a chesspiece use it to zotninja
 49029 | Zot:5    | yes
 49029 | Zot:5    | I honestly didn't expect spamming an item with xom in the name to be a good idea...
 49048 | Zot:5    | Killed an ancient lich
 49097 | Zot:5    | Noticed an electric golem
 49105 | Zot:5    | Noticed an electric golem
 49105 | Zot:5    | Noticed an orb of fire
 49106 | Zot:5    | Noticed an orb of fire
 49106 | Zot:5    | hi
 49118 | Zot:5    | Killed an electric golem
 49121 | Zot:5    | Killed an orb of fire
 49122 | Zot:5    | Noticed an orb of fire
 49133 | Zot:5    | Gained mutation: Scrolls take you a little longer to read. [an orb of fire]
 49140 | Zot:5    | Killed an electric golem
 49142 | Zot:5    | Gained mutation: Scrolls take you longer to read. [an orb of fire]
 49143 | Zot:5    | Noticed an ancient lich
 49143 | Zot:5    | Killed an orb of fire
 49149 | Zot:5    | Killed an orb of fire
 49149 | Zot:5    | Reached skill level 18 in Fighting
 49152 | Zot:5    | Killed an ancient lich
 49234 | Zot:5    | Reached XP level 25. HP: 216/244 MP: 16/30
 49285 | Zot:5    | Got the Orb of Zot
 49292 | Zot:5    | SGrunt: good teletrap placement
 49292 | Zot:5    | yes
 49292 | Zot:5    | btw should I try to get a different title
 49297 | Zot:5    | SGrunt: up to you
 49297 | Zot:5    | are any of them good
 49364 | Zot:4    | SGrunt: I am the wrong person to be asking for that <.<
 49364 | Zot:4    | mainly I am just being lazy because looking up what they are seems annoying
 49364 | Zot:4    | so I will probably just go with brilliant
 49364 | Zot:4    | or is pak penance possible??
 49364 | Zot:4    | channeling?
 49364 | Zot:4    | SGrunt: channel something
 49364 | Zot:4    | SGrunt: where did that go on the ^ screen
 49364 | Zot:4    | SGrunt: oh there is it
 49364 | Zot:4    | SGrunt: *it is
 49370 | Zot:4    | SGrunt: cboe?
 49370 | Zot:4    | rip
 49370 | Zot:4    | SGrunt: sublimation?
 49370 | Zot:4    | um
 49370 | Zot:4    | SGrunt: go get it <.<
 49370 | Zot:4    | okay
 49440 | Depths:5 | Noticed Veymiumo the pandemonium lord
 49441 | Depths:5 | hi
 49463 | Depths:4 | Gained mutation: You have sharp toenails. [mutagenic glow]
 49525 | Depths:1 | Gained mutation: Your spells are a little easier to cast, but a little less powerful. [mutagenic glow]
 49689 | Vaults:2 | Noticed Ymeib the pandemonium lord
 49690 | Vaults:2 | hi
 49827 | Crypt:3  | Lost mutation: Your spells are a little easier to cast, but a little less powerful. [potion of cure mutation]
 49827 | Crypt:3  | Lost mutation: You have a pair of small antennae on your head. [potion of cure mutation]
 49827 | Crypt:3  | Lost mutation: You are partially covered in large bone plates (AC +2, SH +2). [potion of cure mutation]
 49827 | Crypt:3  | Lost mutation: You have sharp toenails. [potion of cure mutation]
 49828 | Crypt:3  | Lost mutation: Scrolls take you longer to read. [potion of cure mutation]
 49828 | Crypt:3  | Lost mutation: Scrolls take you a little longer to read. [potion of cure mutation]
 49872 | Crypt:3  | Noticed Caorch the pandemonium lord
 49872 | Crypt:3  | hi
 49887 | Crypt:3  | Killed Caorch the pandemonium lord
 49977 | Vaults:2 | SGrunt: big level
 49977 | Vaults:2 | yes
 50007 | Vaults:2 | Noticed Ybycarr the pandemonium lord
 50009 | Vaults:2 | hi
 50015 | Vaults:2 | what
 50015 | Vaults:2 | &wasp
 50021 | Vaults:2 | Gained mutation: You have a beak for a mouth. [mutagenic glow]
 50114 | D:12     | Noticed Ginn the pandemonium lord
 50114 | D:12     | hi
 50125 | D:12     | SGrunt: ??nice panlord
 50204 | D:8      | Gained mutation: You have sharp toenails. [mutagenic glow]
 50218 | D:8      | Noticed Lorheaw the pandemonium lord
 50377 | D:3      | Noticed Vupibb the pandemonium lord
 50381 | D:3      | meh
 50383 | D:3      | ugh
 50393 | D:3      | Killed Vupibb the pandemonium lord
 50455 | D:1      | Learned a level 2 spell: Sublimation of Blood
 50455 | D:1      | uh
 50456 | D:1      | Was placed under penance by Pakellas
 50457 | D:1      | good
 50458 | D:$      | Escaped with the Orb!

Vault maps used:
D:1:      arrival_zaba_pyramid
D:2:      nicolae_overflow_hidden_temple
D:3:      minitemple, okawaru_gym_becter
D:4:      first_bread, serial_shops, shop_fountains
D:6:      grunt_pakellas_sulfur
D:7:      minmay_temple_entry_fiery
D:8:      evilmike_ruin_ashenzari, hangedman_tree_tricks, nrook_mini_backslash,
          hangedman_abyss_or_decor_lesser_grid, uniq_erica, uniq_gastronok
D:9:      old_standard_altar, uniq_psyche, uniq_prince_ribbit1
D:10:     minmay_lair_entry_grove, basic_altar
D:11:     minmay_cut_squares, uniq_urug
D:12:     minmay_orc_entry_temple_small
D:14:     erik_vaults_1, serial_bayou_lagoon_a,
          nicolae_dithmenos_through_a_glass_darkly
D:15:     grunt_enter_depths_magical_seal, minmay_misc_feat_more_columns,
          evilmike_minifort
Lair:1:   infiniplex_staircase_pool_2
Lair:3:   grunt_forest_large_clearings, serial_bayou_shore_b,
          grunt_megastairs_3, uniq_nergalle
Lair:4:   hangedman_lair_unloving_vines, roderic_lost_polar_bear
Lair:6:   swamp_mist_pool, nicolae_spider_entry_tight_spaces,
          beast_lair_carwin_1
Lair:7:   cheibrodos_magma_flow, slime_altar_1, nicolae_volcano_entry_hallway,
          serial_bayou_lake_a, serial_bayou_shore_a, serial_bayou_shore_b,
          uniq_nessos
Lair:8:   minmay_lair_end_frog_pond
Swamp:1:  serial_swamp_ruin, evilmike_swamp_ruin_house_5,
          evilmike_swamp_ruin_wall, hangedman_swamp_ruin_hall, swamp_pool1,
          grunt_witch_cave, infiniplex_staircase_pool
Swamp:2:  hangedman_swamp_blocks, uniq_aizul
Swamp:3:  evilmike_swamp_ruin_house_2, uniq_louise
Swamp:4:  swamp_icy
Spider:1: uniq_nikola
Spider:2: nicolae_orb_island, uniq_agnes
Spider:3: spider_trap
Spider:4: grunt_spider_rune_circles
Orc:1:    serial_shops, shop_fountains
Orc:2:    uniq_maud
Orc:3:    nicolae_orc_pool_cavern
Orc:4:    kennysheep_orc_mage_school, uniq_josephine
Vaults:1: v_misc_18, nicolae_vaults_mini_display_case,
          nicolae_vaults_know_your_exits, nicolae_vaults_three_branches,
          ontoclasm_vaults_ring_small, v_misc_28, v_pattern_1,
          vaults_room_grunt_arrival_checkpoint, ontoclasm_vaults_ring_square
Vaults:2: nicolae_vaults_big_angled_halls, vaults_dpeg_encased_lava,
          minmay_crypt_entry_simple_statues, nicolae_vaults_little_squares_3,
          ontoclasm_vaults_shuriken, vaults_room_pool
Vaults:3: vaults_room_large_hall, st_octagons_2, v_misc_19, grunt_vaults_swirl,
          nicolae_vaults_little_squares_1, v_misc_12, v_misc_28,
          dpeg_vaults_monster_box, hangedman_vaults_corner, v_misc_1,
          ontoclasm_vaults_claustrophobia, serial_shops, nicolae_shop_crystal,
          nicolae_trove_entry_free_sample, uniq_jorgrun
Vaults:4: ontoclasm_vaults_bender, v_misc_31, ontoclasm_vaults_twist, v_misc_22,
          ontoclasm_vaults_spin, v_misc_24, ontoclasm_vaults_eye,
          nicolae_vaults_little_squares_2, vaults_room_large_hall, v_misc_13,
          vaults_standard_mumra_x, nicolae_vaults_statue_guard, serial_shops,
          shop, uniq_donald, uniq_saint_roka
Vaults:5: uniq_xtahua, uniq_mennas
Crypt:1:  grunt_ministairs_6, corexii_leaking_fountain,
          grunt_crypt_arrival_split, uniq_wiglaf, uniq_sojobo
Crypt:2:  serial_co_window_serial, co_window_paths_a, co_window_paths_a,
          co_window_cross_1, co_window_corner_a, co_window_corner_a,
          co_window_2corner, co_window_corner_b, co_window_unsneaky_path_e,
          co_window_broadway_b, co_window_unsneaky_path_e, glass_columns_a,
          glass_columns_b, glass_columns_c, glass_columns_c
Crypt:3:  church_of_pain_bobbens, serial_sigils_hangedman_snap
Depths:1: pf_coc_iceberg, abyss_entry, pan_entry, hangedman_decor_peaks_small,
          grunt_ministairs_3, kennysheep_generic_room_12, uniq_mara
Depths:2: grunt_bruiser_brothers, abyss_entry, pan_entry, hell_entry,
          serial_shops, shop, hangedman_decor_clover_reticule, dk_noncrumbling_4
Depths:3: evilmike_iron_armoury, pan_entry, kennysheep_cross_room,
          abyss_entry_small_statue_room, hell_entry,
          infiniplex_staircase_9_rooms, serial_bayou_shore_b
Depths:4: kennysheep_spiral_hall, enter_ziggurat_b, grunt_mini_vestibule,
          pan_entry, kennysheep_cross_bottleneck,
          nicolae_abyss_entry_one_way_or_another, serial_shops, shop
Depths:5: grunt_zot_entry_gee_three, hangedman_abyss_or_decor_clamps,
          rand_demon_pan_entry_8, hell_entry, nrook_uturn, st_stairs_12,
          basic_stair_grate_trap
Zot:1:    grunt_megastairs_2
Zot:2:    hangedman_orp_of_zott
Zot:4:    lemuel_acid_trip, st_large_dragon_hoard_3
Zot:5:    grunt_ministairs_8
Trove:    trove_simple
Volcano:  volcano_grotto

Action                   |  1- 3 |  4- 6 |  7- 9 | 10-12 | 13-15 | 16-18 | 19-21 | 22-24 | 25-27 || total
-------------------------+-------+-------+-------+-------+-------+-------+-------+-------+-------++-------
Melee: War axe           |   138 |   139 |   350 |   933 |  1251 |       |       |       |       ||  2811
       Battleaxe         |       |       |       |       |   818 |  1352 |  1959 |  1510 |   136 ||  5775
Throw: Throwing net      |       |     2 |     2 |     2 |       |       |       |       |       ||     6
 Cast: Sublimation of Bl |       |       |       |       |       |       |       |       |     1 ||     1
Invok: Quick Charge      |       |       |     1 |    14 |    20 |    17 |    25 |    27 |     2 ||   106
       Supercharge       |       |       |       |       |     1 |       |       |       |       ||     1
 Abil: Device Recharging |       |     1 |     3 |     3 |     1 |       |       |     2 |       ||    10
       Evoke Teleportati |       |       |       |       |       |       |     1 |       |       ||     1
Evoke: Wand              |     2 |     3 |    23 |    85 |   138 |    68 |   103 |   101 |    23 ||   546
       Piece from Xom's  |       |       |       |       |       |       |       |    63 |       ||    63
  Use: Scroll            |       |     1 |    13 |     9 |    15 |     2 |     9 |    21 |     6 ||    76
       Potion            |       |       |       |     3 |     6 |     4 |     2 |    10 |     8 ||    33
 Stab: Confused          |       |       |       |       |     7 |       |     1 |     9 |       ||    17
       Held in net/web   |       |       |       |       |       |     1 |       |       |       ||     1
       Distracted        |       |       |       |       |       |       |       |     1 |       ||     1
  Eat: Chunk             |     2 |     5 |     9 |    16 |    46 |    14 |    15 |     5 |       ||   112
       Fruit             |       |       |       |     2 |     5 |     4 |    30 |    25 |       ||    66
       Pizza             |       |       |       |     1 |     2 |     1 |     3 |     2 |       ||     9
       Beef jerky        |       |       |       |       |     1 |     4 |       |     2 |       ||     7
       Royal jelly       |       |       |       |       |       |     1 |       |     1 |       ||     2
       Bread ration      |       |       |       |       |       |       |       |     2 |     3 ||     5
       Meat ration       |       |       |       |       |       |       |       |       |     1 ||     1
